 Dungeon Crawl Stone Soup version 0.17-a0-1596-g1e86911 (webtiles) character file.

408 Nakatomy the Digger (level 6, 0/32 HPs)
             Began as a Gargoyle Earth Elementalist on July 30, 2015.
             Was an Initiate of Vehumet.
             Slain by Pikel
             ... wielding a +1 whip of flaming
              (2 damage)
             ... on level 6 of the Dungeon.
             The game lasted 00:32:18 (5483 turns).

Nakatomy the Digger (Gargoyle Earth Elementalist)   Turns: 5483, Time: 00:32:18

Health: 0/32       AC:  9    Str: 12    XL:     6   Next: 88%
Magic:  0/13       EV: 12    Int: 17    God:    Vehumet [......]
Gold:   108        SH:  0    Dex: 10    Spells: 4 memorised, 4 levels left

rFire  . . .     SeeInvis .     n - +2 dagger (speed)
rCold  . . .     Clarity  .     b - +0 robe
rNeg   + . .     SustAt   .     (no shield)
rPois  ∞         Gourm    .     (no helmet)
rElec  +         Spirit   .     (no cloak)
rCorr  .         Warding  .     (no gloves)
rMut   .         Stasis   .     (no boots)
MR     .....                    (no amulet)
Stlth  ++........               (no ring)
                                o - ring of wizardry

@: stone skin, very slightly contaminated, not resistant to hostile
enchantments, unstealthy
A: negative energy resistance 1, electricity resistance, unbreathing,
petrification resistance, rot immunity, subdued magic 1, AC +4
a: Renounce Religion


You were on level 6 of the Dungeon.
You worshipped Vehumet.
Vehumet was noncommittal.
You were not hungry.

You visited 1 branch of the dungeon, and saw 6 of its levels.

You collected 108 gold pieces.

Inventory:

Hand weapons
 j - a +0 dagger
 n - a +2 dagger of speed (weapon)
Missiles
 a - 68 stones (quivered)
Armour
 b - a +0 robe (worn)
 q - a +0 robe
Jewellery
 o - a ring of wizardry (left hand)
Scrolls
 e - 2 scrolls of remove curse
 g - 2 scrolls of enchant weapon
 m - 2 scrolls of immolation
 t - 2 scrolls of identify {unknown}
Potions
 f - 2 potions of mutation
 i - a potion of lignification {unknown}
 l - a potion of cancellation {unknown}
 p - a potion of beneficial mutation {unknown}
 r - a potion of poison {unknown}
 s - a potion of flight {unknown}
 u - a potion of invisibility {unknown}
Books
 c - a book of Geomancy

   Spells                             Type                      Level
   a - Sandblast                      Earth                        1
   b - Stoneskin                      Transmutation/Earth          2
   c - Passwall                       Transmutation/Earth          3
   d - Stone Arrow                    Conjuration/Earth            3
   e - Petrify                        Transmutation/Earth          4
   f - Lee's Rapid Deconstruction     Earth                        5
Comestibles
 d - 4 bread rations
 h - a meat ration
 k - 9 fruits
 v - 2 chunks of flesh


   Skills:
 - Level 1.5 Dodging
 - Level 2.4 Stealth
 * Level 5.0 Spellcasting
 + Level 2.2 Conjurations
 - Level 0.7 Transmutations
 + Level 5.7 Earth Magic


You had 4 spell levels left.
You knew the following spells:

 Your Spells              Type           Power        Failure   Level  Hunger
a - Sandblast             Erth           ###...       1%          1    None
b - Stone Arrow           Conj/Erth      ##....       1%          3    ###....
c - Stoneskin             Trmt/Erth      ##......     1%          2    #......
d - Lee's Rapid Deconstr  Erth           ###.......   12%         5    ######.


Dungeon Overview and Level Annotations

Branches:
Dungeon (6/15)             Temple (0/1) D:5

Altars:
Cheibriados
Elyvilon
Qazlal
Vehumet

Annotations:
D:3 wullow's ghost, average DsGl
D:4 Menkaure; Sigmund
D:5 2 exclusions, Edmund
D:6 Pikel


Innate Abilities, Weirdness & Mutations

You are resistant to torment.
Your stone body is resilient (AC +4).
You are immune to poison.
You resist negative energy.
You are resistant to electric shocks.
You can survive without breathing.
You are immune to petrification.
You are immune to rotting.
Your spells are a little easier to cast, but a little less powerful.


Message History

Pikel is moderately wounded.
Pikel hits you with a whip of flaming!
* * * LOW HITPOINT WARNING * * *
Pikel burns you.
* * * LOW HITPOINT WARNING * * *
You closely miss Pikel.
Pikel is moderately wounded.
You barely miss Pikel.
Pikel is moderately wounded.
Pikel hits you with a whip of flaming.
* * * LOW HITPOINT WARNING * * *
Pikel burns you.
* * * LOW HITPOINT WARNING * * *
Casting: Sandblast
Confirm with . or Enter, or press ? or * to list all spells.
You don't have enough magic to cast that spell.
You closely miss Pikel.
Pikel is moderately wounded.
Pikel hits you with a whip of flaming.
You die...

###
#@#
#K#
#.#
#.#
#.#
..#
###


You could see Pikel.

Vanquished Creatures
  An ogre (D:4)
  A crimson imp (D:3)
  2 hounds
  2 iguanas
  A hound skeleton (D:4)
  9 adders
  2 oozes (D:2)
  2 worms
  A ball python (D:3)
  16 bats
  7 goblins
  7 hobgoblins
  A quokka (D:2)
  5 giant cockroaches
  8 giant newts
  6 jackals
  6 kobolds
  6 rats
83 creatures vanquished.

Notes
Turn   | Place    | Note
--------------------------------------------------------------
     0 | D:1      | Nakatomy the Gargoyle Earth Elementalist began the quest for the Orb.
     0 | D:1      | Reached XP level 1. HP: 10/10 MP: 3/3
   316 | D:1      | Reached skill level 4 in Earth Magic
   316 | D:1      | Reached XP level 2. HP: 15/15 MP: 1/5
  1287 | D:2      | Reached XP level 3. HP: 19/19 MP: 0/6
  1292 | D:2      | Learned a level 3 spell: Stone Arrow
  1517 | D:2      | Learned a level 2 spell: Stoneskin
  1601 | D:2      | Reached XP level 4. HP: 16/24 MP: 3/8
  2381 | D:2      | Found a white marble altar of Elyvilon.
  2886 | D:2      | Reached XP level 5. HP: 28/28 MP: 7/10
  3039 | D:3      | Reached skill level 5 in Earth Magic
  3121 | D:3      | Found a stormy altar of Qazlal.
  3343 | D:3      | Noticed wullow's ghost (average DsGl)
  3451 | D:3      | Found a faded altar to an unknown god.
  3750 | D:3      | Reached skill level 1 in Conjurations
  3757 | D:3      | Learned a level 5 spell: Lee's Rapid Deconstruction
  4221 | D:4      | Noticed a slave
  4293 | D:4      | Reached XP level 6. HP: 32/32 MP: 10/12
  4509 | D:4      | Noticed Menkaure
  4639 | D:4      | Noticed an ogre
  4656 | D:4      | Killed an ogre
  4784 | D:4      | Noticed Pikel
  5010 | D:4      | Found a radiant altar of Vehumet.
  5018 | D:4      | Became a worshipper of Vehumet
  5094 | D:4      | Found a snail-covered altar of Cheibriados.
  5101 | D:5      | Entered Level 5 of the Dungeon
  5119 | D:5      | Found a staircase to the Ecumenical Temple.
  5231 | D:5      | Noticed Edmund
  5382 | D:5      | Reached skill level 5 in Spellcasting
  5437 | D:4      | Noticed a slave
  5437 | D:4      | Noticed a slave
  5437 | D:4      | Noticed Sigmund
  5437 | D:4      | Noticed an ogre
  5439 | D:4      | Noticed a slave
  5479 | D:6      | Gained mutation: Your spells are a little easier to cast, but a little less powerful. [potion of mutation]
  5479 | D:6      | Gained mutation: You are agile. (Dex +2) [potion of mutation]
  5479 | D:6      | Lost mutation: You are agile. (Dex +2) [potion of mutation]
  5483 | D:6      | Slain by Pikel

Vault maps used:
D:1:      lightli_molten_gateway, wad_floor_pattern_untrapped, minivault_26,
          hangedman_glass_teeth, serial_bayou_pond_d
D:2:      lemuel_crystal_altar, minivault_23, grunt_ministairs_11,
          minmay_statues_item, kennysheep_generic_room_14
D:3:      lemuel_round_altar, serial_glass, glass_columns_b, glass_columns_a,
          ecumenical_altar_2, corexii_shack, dk_noncrumbling_4,
          minmay_shallow_snake_nest
D:4:      cheibriados_altar_1, lemuel_round_altar, first_bread,
          minmay_crystal_room, grunt_ministairs_8, nrook_uturn, uniq_menkaure,
          uniq_pikel, uniq_sigmund
D:5:      kennysheep_mini, temple_fountains, serial_shops, shop,
          portal_sewer_entry_d, small_statue_intersection, uniq_edmund
D:6:      ashenzari_altar_1, bloody_trog

Action                   |  1- 3 |  4- 6 || total
-------------------------+-------+-------++-------
Melee: Unarmed           |     7 |       ||     7
       Dagger            |    12 |    22 ||    34
 Cast: Sandblast         |    61 |   131 ||   192
       Stone Arrow       |       |    20 ||    20
       Stoneskin         |       |     3 ||     3
  Use: Scroll            |       |     5 ||     5
       Potion            |       |     1 ||     1
  Eat: Chunk             |     3 |    13 ||    16
